 Dungeon Crawl Stone Soup version 0.26-a0-851-g735459dd53 (webtiles) character file.

Game seed: 3938778465509556968

687 RaHiT the Sneak (level 7, -4/46 HPs)
             Began as an Octopode Delver on Nov 21, 2020.
             Slain by an ogre
             ... wielding a +0 giant club
              (23 damage)
             ... on level 4 of the Dungeon.
             The game lasted 00:22:09 (3261 turns).

RaHiT the Sneak (Octopode Delver)                   Turns: 3261, Time: 00:22:10

Health: -4/46      AC:  1    Str: 12    XL:     7   Next: 62%
Magic:  10/10      EV: 14    Int: 14    God:
Gold:   218        SH:  0    Dex: 16    Spells: 10/10 levels left

rFire    . . .     SeeInvis .     - Unarmed
rCold    . . .     Faith    .   (no shield)
rNeg     . . .     Spirit   .   (helmet restricted)
rPois    .         Reflect  .   j - amulet of Zismul {Regen+ Dex+3}
rElec    .         Harm     .   y - ring of protection from magic
rCorr    .         Rampage  .   n - +4 ring of slaying
MR       +....                  (no ring)
Stlth    +++++.....             (no ring)
HPRegen  0.55/turn              (no ring)
MPRegen  0.12/turn              (no ring)
                                (no ring)
                                (no ring)

@: no status effects
A: almost no armour, stealthy swim, amphibious, 8 rings, constrict 8, camouflage
1, gelatinous body 1
a: no special abilities


You were on level 4 of the Dungeon.
You visited 1 branch of the dungeon, and saw 6 of its levels.

You collected 218 gold pieces.

Inventory:

Missiles
 h - 173 stones
 i - 44 arrows
 m - 34 sling bullets
 o - 44 bolts
 p - 13 poisoned darts (quivered)
 s - 7 boomerangs
Armour
 x - a +0 buckler
Jewellery
 j - the amulet of Zismul (around mantle) {Regen+ Dex+3}
   (You found it on level 4 of the Dungeon)

   [amulet of regeneration]

   It affects your dexterity (+3).
   It increases your rate of regeneration.
 n - a +4 ring of slaying (right tentacle)
 y - a ring of protection from magic (left tentacle)
Wands
 e - a wand of digging (3)
 k - a wand of polymorph (9)
Scrolls
 a - a scroll of fog
 b - a scroll of magic mapping
 l - 2 scrolls of remove curse
 q - a scroll of amnesia
 r - a scroll of blinking
 t - a scroll of teleportation {unknown}
 u - 3 scrolls of enchant armour
 v - a scroll of random uselessness {unknown}
 w - a scroll of enchant weapon {unknown}
 A - a scroll of immolation {unknown}
Potions
 c - a potion of flight
 d - 2 potions of haste
 f - a potion of curing
 g - a potion of lignification
 z - a potion of degeneration {unknown}
 B - a potion of resistance {unknown}


   Skills:
 - Level 3.0 Fighting
 * Level 2.2 Dodging
 - Level 7.1 Stealth
 - Level 4.0 Shields
 - Level 6.0 Unarmed Combat
 - Level 2.0 Spellcasting
 + Level 1.9 Evocations


You had 10 spell levels left.
You didn't know any spells.
Your spell library was empty.

Dungeon Overview and Level Annotations

Branches:
Dungeon (6/15)             Temple (0/1) D:6

Altars:
Zin

Shops:
D:2 *   D:4 }   D:6 (

Annotations:
D:6 Prince Ribbit


Innate Abilities, Weirdness & Mutations

You cannot wear most types of armour.
You are very stealthy in the water. (Stealth+)
You are amphibious.
You can wear up to eight rings at the same time.
You can use your tentacles to constrict eight enemies at once.
Your skin changes colour to match your surroundings (Stealth+).
Your rubbery body absorbs attacks. (AC +1, EV +1)


Message History

Throwing (i - inventory. (/) - cycle)
p - 15 poisoned darts (quivered)
Press: ? - help, Shift-Dir - straight line, f/p - ogre
Aim: an ogre, wielding a +0 giant club You throw a poisoned dart.
The poisoned dart closely misses the ogre.
Throwing (i - inventory. (/) - cycle)
p - 14 poisoned darts (quivered)
Press: ? - help, Shift-Dir - straight line, f/p - ogre
Aim: an ogre, wielding a +0 giant club You throw a poisoned dart.
The poisoned dart hits the ogre.
You bludgeon the ogre! You squeeze the ogre.
The ogre is moderately wounded.
You tentacle-slap the ogre.
The ogre is heavily wounded.
The ogre hits you with a +0 giant club!!
Ouch! That really hurt!
You bludgeon the ogre!
The ogre is almost dead.
The ogre hits you with a +0 giant club!!
Ouch! That really hurt!
You die...

......##..###...####.........<...
.#.......(.........'.............
.#....###...#.##..##.............
......###....)##...#.............
...o..........###................
.......#......###.##.............
.......#......(....'............#
.......##......O))##............#
.......###.....)@...............#
.......# #...>.)..#.............#
..#....# #....#.#.#..............
.......###)...###'#.............
............#...............
........................###
........................#
......................
..................).


You could see an ogre.

Vanquished Creatures
  Edmund (D:4)
  An orc warrior (D:3)
  A howler monkey (D:4)
  A hound (D:4)
  2 orc wizards
  Crazy Yiuf (D:2)
  Natasha (thrice) (D:2)
  Robin (D:4)
  4 gnolls (D:2)
  6 adders
  A river rat (D:2)
  2 oozes
  2 worms
  2 dart slugs (D:1)
  2 leopard geckos
  9 orcs
  17 giant cockroaches
  14 goblins
  4 hobgoblins
  3 jackals (D:2)
  9 kobolds
  A quokka (D:4)
  2 ball pythons
  11 bats
  8 frilled lizards
  9 rats
117 creatures vanquished.

Vanquished Creatures (others)
  A rat (D:2)
  A fungus (D:2)
2 creatures vanquished.

Grand Total: 119 creatures vanquished

Notes
Turn   | Place    | Note
-------+----------+-------------------------------------------
     0 | D:5      | RaHiT the Octopode Delver began the quest for the Orb.
     0 | D:5      | Reached XP level 1. HP: 16/16 MP: 1/1
   107 | D:4      | Got a sparkling bronze amulet
   113 | D:4      | Identified the amulet of Zismul {Regen+ Dex+3} (You found
                  | it on level 4 of the Dungeon)
   161 | D:3      | Reached skill level 7 in Stealth
   161 | D:3      | Reached XP level 2. HP: 21/21 MP: 2/2
   215 | D:2      | Reached XP level 3. HP: 17/26 MP: 2/4
   295 | D:2      | Reached skill level 1 in Spellcasting
   898 | D:1      | Reached XP level 4. HP: 31/31 MP: 5/5
  1077 | D:2      | Noticed Sigmund
  1080 | D:2      | Noticed Sigmund
  1080 | D:2      | Sigmund changed into Sigmund the river rat
  1095 | D:2      | Killed Sigmund the river rat
  1273 | D:2      | Reached XP level 5. HP: 36/36 MP: 7/7
  1372 | D:2      | Noticed Natasha
  1379 | D:2      | Killed Natasha
  1384 | D:2      | Found Zin's Purification Station.
  1392 | D:2      | Found a glowing silver altar of Zin.
  1548 | D:2      | Noticed Natasha
  1607 | D:2      | Killed Natasha
  1631 | D:2      | Noticed Natasha
  1637 | D:2      | Killed Natasha
  1638 | D:2      | Reached skill level 5 in Unarmed Combat
  1653 | D:2      | Found a runed translucent door.
  1654 | D:2      | Noticed Crazy Yiuf
  1663 | D:2      | Killed Crazy Yiuf
  1664 | D:2      | Reached XP level 6. HP: 34/42 MP: 3/9
  1919 | D:3      | You fall into a shaft and drop 3 floors!
  1920 | D:6      | Noticed a sky beast
  1935 | D:6      | Noticed Prince Ribbit
  1939 | D:6      | Found Mihorif's Weapon Boutique.
  1941 | D:6      | Noticed an ice beast
  2102 | D:4      | Found Loruetti's Gadget Boutique.
  2347 | D:3      | Reached skill level 1 in Shields
  2400 | D:3      | Noticed an orc warrior
  2623 | D:3      | HP: 2/42 [orc warrior/+0 flail (15)]
  2649 | D:3      | Killed an orc warrior
  2837 | D:4      | Noticed Edmund
  2856 | D:4      | Killed Edmund
  2857 | D:4      | Reached XP level 7. HP: 39/46 MP: 10/10
  2867 | D:4      | Noticed Robin
  2890 | D:4      | Killed Robin
  3097 | D:4      | Reached skill level 1 in Evocations
  3261 | D:4      | Slain by an ogre

Illustrated notes

Levels and vault maps discovered:
D:1:      roderic_chinese_lattice_arrival, layout_basic, fountainhead
D:2:      layout_rooms, zin_purify, uniq_sigmund, uniq_natasha,
          uniq_crazy_yiuf_cottage
D:3:      minmay_roachtagon, layout_loops_cross
D:4:      minmay_diamond_boxcup, layout_basic, serial_shops,
          nicolae_shop_behind_doors, uniq_edmund, uniq_robin
D:5:      layout_rooms, nicolae_tso_carved_into_rock, grunt_qazlal_clouds,
          kennysheep_little_box
D:6:      layout_rooms, minmay_temple_entry_arrows, serial_shops, shop,
          uniq_prince_ribbit1

Skill      XL: |  1  2  3  4  5  6  7 |
---------------+----------------------+-----
Stealth        | 7 |  7.1
Spellcasting   | 1 2 |  2.0
Unarmed Combat | 3 5 6 |  6.0
Shields        | 3 4 |  4.0
Evocations     | 1 |  1.9
Fighting       | |  3.0
Dodging        | |  2.2

Action                   |  1- 3 |  4- 6 |  7- 9 || total
-------------------------+-------+-------+-------++-------
Melee: Unarmed           |    74 |   138 |    42 ||   254
       Constrict         |    21 |    34 |     8 ||    63
       Tentacles         |    17 |    38 |     8 ||    63
       Punch             |     1 |     9 |     1 ||    11
Throw: Dart              |       |     7 |    11 ||    18
       Stone             |       |     8 |       ||     8
Evoke: Wand              |       |    12 |       ||    12
  Use: Potion            |     1 |     2 |       ||     3
       Scroll            |       |     7 |     2 ||     9
 Stab: Sleeping          |    17 |    14 |     2 ||    33
       Confused          |       |     3 |       ||     3
Armor: Skin              |     3 |     3 |     1 ||     7
Dodge: Dodged            |    48 |    84 |    10 ||   142

Table legend: (Time is in decaauts)
 A = Elapsed time spent in this place.
 B = Non-inter-level travel time spent in this place.
 C = Inter-level travel time spent in this place.
 D = Time resting spent in this place.
 E = Time spent auto-exploring this place.
 F = Levels seen in this place.
 G = Mean time per level.
                   A        B        C        D        E       F      G
               +--------+--------+--------+--------+--------+-----+--------+
         Total |   3217 |   2981 |    236 |    111 |   1177 |   6 |  536.2 |
       Dungeon |   3217 |   2981 |    236 |    111 |   1177 |   6 |  536.2 |
               +--------+--------+--------+--------+--------+-----+--------+

Top non-repeatable levels by time:
     D:3: 897 daAuts
     D:2: 895 daAuts
     D:1: 690 daAuts
     D:4: 541 daAuts
     D:5: 162 daAuts
     D:6: 29 daAuts
